 Dungeon Crawl Stone Soup version 0.32-a0-876-gcfddb08e57 (webtiles) character file.

Game seed: 14791314156889884713

1801129 Gryn the Demonic Cataclysm (level 27, 229/229 (233) HPs)
             Began as a Demonspawn Hedge Wizard on Apr 1, 2024.
             Was a High Priest of Qazlal.
             Escaped with the Orb
             ... and 3 runes on Apr 2, 2024!
             The game lasted 03:35:03 (65225 turns).

Gryn the Demonic Cataclysm (DsHW)                  Turns: 65225, Time: 03:35:03

HP:   229/229 (233) AC: 24    Str: 13    XL:     27
MP:   40/40         EV: 29    Int: 15    God:    Qazlal [*****.]
Gold: 7925          SH: 47    Dex: 37    Spells: 26/34 levels left

rFire   + + +        a - +9 hand cannon (drain)
rCold   + + .        m - +6 tower shield {AC+3}
rNeg    + . .        g - +0 steam dragon scales
rPois   +            z - +1 helmet "Verch" {rElec Will++ Int+4 Stlth+}
rElec   +            U - scarf of the Harp {+Inv, rPois rN+ Regen+}
rCorr   +            (gloves unavailable)
SInv    .            X - +2 pair of boots
Will    +++++        q - amulet of Paranoia {Acrobat rPois rC++ Dex+2 Slay-2}
Stlth   +            r - +6 ring of dexterity
HPRegen 1.38/turn    V - ring of Myanak {rElec rF+++ rCorr Int-5 Dex+6}
MPRegen 0.27/turn

%: repel missiles, acrobat
@: studying 3 skills, lightly drained
A: repulsion field 3, demonic guardian 3, hurl damnation, icemail 2, torment
resistance 1, condensation shield, demonic willpower, demonic touch 3, screaming
1, persistent drain
0: Orb of Zot
}: 3/15 runes: decaying, serpentine, silver
a: Hurl Damnation, Renounce Religion, Evoke Invisibility, Upheaval, Elemental
Force, Disaster Area


You escaped.
You worshipped Qazlal.
Qazlal was extremely pleased with you.
You visited 11 branches of the dungeon, and saw 51 of its levels.
You visited 1 bazaar.
You also visited: Sewer.

You collected 11661 gold pieces.
You spent 3736 gold pieces at shops.

Inventory:

Hand Weapons
 a - a +9 hand cannon of draining (weapon)
Missiles
 b - 11 darts of dispersal
Armour
 g - +0 steam dragon scales (worn)
 m - a +6 tower shield of protection (worn)
 z - the +1 helmet "Verch" (worn) {rElec Will++ Int+4 Stlth+}
   (You found it on level 1 of the Swamp)

   Int+4:     It affects your intelligence (+4).
   rElec:     It insulates you from electricity.
   Will++:    It greatly increases your willpower.
   Stlth+:    It makes you more stealthy.
 U - the scarf of the Harp (worn) {+Inv, rPois rN+ Regen+}
   (You acquired it on level 9 of the Dungeon)

   rPois:     It protects you from poison.
   rN+:       It protects you from negative energy.
   Regen+:    It increases your rate of health regeneration.
 X - a +2 pair of boots (worn)
Jewellery
 q - the amulet of Paranoia (around neck) {Acrobat rPois rC++ Dex+2 Slay-2}
   (You found it on level 3 of the Elven Halls)

   [amulet of the acrobat]

   Acrobat:   It increases your evasion while moving and waiting.
   Dex+2:     It affects your dexterity (+2).
   Slay-2:    It affects your accuracy & damage with ranged weapons and melee
   (-2).
   rC++:      It greatly protects you from cold.
   rPois:     It protects you from poison.
 r - a +6 ring of dexterity (left hand)
 x - the ring "Rades" {Fly rElec rN++}
   (You found it on level 3 of the Crypt)

   [ring of flight]

   rElec:     It insulates you from electricity.
   rN++:      It greatly protects you from negative energy.
   Fly:       It grants you flight.
 V - the ring of Myanak (right hand) {rElec rF+++ rCorr Int-5 Dex+6}
   (You bought it in a shop on level 1 of the Orcish Mines)

   [ring of dexterity]

   Int-5:     It affects your intelligence (-5).
   Dex+6:     It affects your dexterity (+6).
   rF+++:     It renders you almost immune to fire.
   rElec:     It insulates you from electricity.
   rCorr:     It protects you from acid and corrosion.
 Z - a ring of see invisible
Wands
 h - a wand of charming (34)
 j - a wand of mindburst (46)
 p - a wand of digging (33)
 B - a wand of acid (24)
 G - a wand of flame (89)
 H - a wand of polymorph (34)
 P - a wand of warping (60)
Scrolls
 c - 9 scrolls of immolation
 e - 21 scrolls of teleportation
 f - 4 scrolls of blinking
 k - 9 scrolls of vulnerability
 l - 11 scrolls of poison
 n - 12 scrolls of fear
 u - 3 scrolls of enchant weapon
 C - 2 scrolls of silence
 J - 2 scrolls of revelation
 O - 2 scrolls of summoning
 Q - 3 scrolls of torment
 T - 8 scrolls of brand weapon
 W - 9 scrolls of fog
Potions
 d - 8 potions of magic
 o - 9 potions of enlightenment
 s - 3 potions of invisibility
 t - 5 potions of cancellation
 w - 6 potions of resistance
 A - 6 potions of brilliance
 E - 2 potions of haste
 F - 3 potions of heal wounds
 I - 9 potions of attraction
 L - 11 potions of mutation
 M - 10 potions of might
 N - 6 potions of berserk rage
 S - 8 potions of lignification
 Y - 10 potions of curing
Miscellaneous
 i - a lightning rod (4/4)
 v - a phantom mirror
 y - the horn of Geryon
 D - a phial of floods
 K - a tin of tremorstones (inert)
 R - a box of beasts


   Skills:
 - Level 22.4 Fighting
 - Level 4.0 Maces & Flails
 - Level 19.0 Ranged Weapons
 + Level 10.8 Armour
 - Level 11.0 Dodging
 - Level 1.7 Stealth
 - Level 23.2 Shields
 - Level 4.0 Spellcasting
 - Level 1.0 Conjurations
 - Level 4.0 Summonings
 - Level 15.1 Necromancy
 - Level 0.8 Translocations
 - Level 14.0 Earth Magic
 O Level 27 Invocations
 - Level 10.0 Evocations


You had 26 spell levels left.
You knew the following spells:

 Your Spells              Type           Power      Damage    Failure   Level
a - Borgnjor's Vile Clut  Necr/Erth      23%        N/A       1%          5
c - Fugue of the Fallen   Necr           48%        N/A       1%          3

Your spell library contained the following spells:

 Spells                   Type           Power      Damage    Failure   Level
 Kiss of Death            Conj/Necr      100%       2d13      1%          1
 Sublimation of Blood     Necr           48%        N/A       1%          2
 Passwall                 Erth           45%        N/A       1%          3
 Vampiric Draining        Necr           48%        2d9       1%          3
 Animate Dead             Necr           48%        N/A       1%          4
 Dispel Undead            Necr           48%        3d18      1%          4
 Stone Arrow              Conj/Erth      50%        3d10      3%          3
 Summon Small Mammal      Summ           60%        N/A       5%          1
 Cigotuvi's Dreadful Rot  Necr/Alch/Air  36%        N/A       5%          2
 Martyr's Knell           Necr/Summ      31%        N/A       5%          4
 Animate Armour           Summ/Erth      60%        N/A       7%          4
 Call Imp                 Summ           30%        N/A       9%          2
 Death Channel            Necr           24%        N/A       9%          6
 Anguish                  Hex/Necr       12%        N/A       12%         4
 Call Canine Familiar     Summ           15%        N/A       16%         3
 Leda's Liquefaction      Alch/Erth      12%        N/A       16%         4
 Petrify                  Alch/Erth      24%        N/A       16%         4
 Magic Dart               Conj           24%        1d4       19%         1
 Apportation              Tloc           10%        N/A       21%         1
 Foxfire                  Conj/Fire      16%        2x1d4     22%         1
 Shock                    Conj/Air       16%        1d4       22%         1
 Slow                     Hex            12%        N/A       28%         1
 Momentum Strike          Conj/Tloc      10%        3d8       28%         2
 Blink                    Tloc           10%        N/A       30%         2
 Lesser Beckoning         Tloc           10%        N/A       30%         2
 Static Discharge         Conj/Air       8%         3-4/arc   34%         2
 Ensorcelled Hibernation  Hex/Ice        6%         N/A       38%         2
 Jinxbite                 Hex            6%         N/A       38%         2
 Teleport Other           Tloc           5%         N/A       52%         3
 Dazzling Flash           Conj/Hex       8%         N/A       56%         3
 Hailstorm                Conj/Ice       4%         3d5       56%         3
 Volatile Blastmotes      Fire/Tloc      8%         2d10      56%         3
 Mephitic Cloud           Conj/Alch/Air  4%         N/A       58%         3
 Confusing Touch          Hex            3%         N/A       63%         3
 Ozocubu's Armour         Ice            3%         N/A       63%         3
 Sigil of Binding         Hex            3%         N/A       63%         3
 Swiftness                Air            3%         N/A       63%         3
 Tukima's Dance           Hex            3%         N/A       63%         3
 Summon Lightning Spire   Summ/Air       9%         N/A       77%         4
 Iskenderun's Mystic Bla Conj/Tloc 5%             2d3        (+2d1     88%         4
 Maxwell's Portable Pile  Tloc           5%         2d(6-11)  89%         4
 Passage of Golubria      Tloc           5%         N/A       89%         4
 Fulminant Prism          Conj/Alch      2%         3d5       92%         4
 Dimensional Bullseye     Hex/Tloc       2%         N/A       93%         4
 Vhi's Electric Charge    Tloc/Air       8%         N/A       93%         4
 Airstrike                Air            1%         2d(1-17)  95%         4
 Cause Fear               Hex            1%         N/A       95%         4
 Ignite Poison            Fire/Alch      3%         N/A       95%         4
 Sticky Flame             Fire/Alch      3%         2d4       95%         4
 Summon Forest            Summ/Tloc      5%         N/A       96%         5
 Arcjolt                  Conj/Air       2%         1d12      99%         5
 Irradiate                Conj/Alch      2%         3d12      99%         5
 Iskenderun's Battlesphe  Conj           6%         2d6       99%         5
 Haunt                    Necr/Summ      15%        N/A       99%         7
 Alistair's Intoxication  Alch           2%         N/A       100%        5
 Freezing Cloud           Conj/Ice/Air   2%         6-21      100%        5
 Silence                  Hex/Air        1%         N/A       100%        5
 Yara's Violent Unravell  Hex/Alch       1%         3d3       100%        5
 Dispersal                Tloc           2%         N/A       100%        6
 Eringya's Noxious Bog    Alch           1%         4d6       100%        6
 Gell's Gavotte           Tloc           2%         2d(12-18) 100%        6
 Plasma Beam              Fire/Air       1%         2x1d11    100%        6
 Sculpt Simulacrum        Ice/Alch       1%         N/A       100%        6
 Enfeeble                 Hex            1%         N/A       100%        7
 Manifold Assault         Tloc           2%         N/A       100%        7
 Ozocubu's Refrigeration  Ice            1%         4d7       100%        7
 Spellforged Servitor     Conj/Summ      5%         N/A       100%        7
 Summon Hydra             Summ           7%         N/A       100%        7
 Discord                  Hex            1%         N/A       100%        8
 Ignition                 Fire           1%         3d3       100%        8
 Lehudib's Crystal Spear  Conj/Erth      12%        10d4      100%        8
 Maxwell's Capacitive Co  Air            1%         ∞         100%        8
 Summon Horrible Things   Summ           7%         N/A       100%        8
 Fire Storm               Conj/Fire      2%         8d1       100%        9
 Polar Vortex             Ice            1%         N/A       100%        9


Dungeon Overview and Level Annotations

Branches:
Dungeon (15/15)            Temple (0/1) D:4            Lair (5/5) D:11
  Swamp (4/4) Lair:3        Snake (4/4) Lair:3        Slime (0/5) Lair:4
    Orc (2/2) D:10            Elf (3/3) Orc:2        Vaults (5/5) D:14
  Crypt (3/3) Vaults:2       Tomb (0/3) Crypt:3      Depths (4/4) D:15
   Hell (visited)             Coc (0/7) Hell            Zot (5/5) Depths:4
  Sewer (visited)
    Dis: Hell:1         Geh: Hell:1         Tar: Hell:1

Altars:
Gozag
Kikubaaqudgha
Nemelex Xobeh
Okawaru
Qazlal
Sif Muna
Uskayaw
Vehumet
Xom
Yredelemnul
Beogh
Jiyva

Shops:
D:5 (   D:6 (   D:9 *   Orc:1 =   Orc:2 [*:!   Elf:2 (   Snake:1 ::=
Vaults:3 [

Portals:
Hell: Depths:1 Depths:2 Depths:3 Depths:4
Abyss: Depths:3
Pandemonium: Orc:2 Depths:2
Ziggurat: Depths:2
Trove: Vaults:2 (give horn of Geryon)

Annotations:
D:6 3 runed translucent doors, bakla's ghost, novice MDHu
Elf:1 1 runed translucent door
Depths:3 2 transporters
Depths:4 36 runed translucent doors
Zot:2 2 transporters, exclusion: obsidian statue


Innate Abilities, Weirdness & Mutations

You are surrounded by a strong repulsion field. (EV +4, RMsl)
A powerful demonic guardian rushes to your aid.
You can hurl damnation.
A meltable icy envelope protects you from harm. (AC +8)
You are resistant to unholy torment.
A meltable shield of frost defends you. (SH +4)
You punish those that try to bend your will. (Will+)
Your touch may irresistibly damage your foes and sap their willpower.
You occasionally shout uncontrollably at your foes.
Your health recovers twice as slowly from being drained.


Message History

The glowing orange brain is lightly wounded.
You shoot a slug. The slug hits the glowing orange brain!
The glowing orange brain is moderately wounded.
You shoot a slug.
The slug hits the glowing orange brain!!
The glowing orange brain is almost dead.
You shoot a slug. The slug hits the glowing orange brain!
You kill the glowing orange brain!
Qazlal accepts your kill.
No target in view!
No target in view!
What level of the Dungeon? (default 1, ? - help)
There is a stone staircase leading up here.
You climb upwards.
There is a stone staircase leading down here.
You see here a bat skeleton.
You see here a frilled lizard skeleton.
A red devil comes into view.
It is wielding a +1 demon trident of electrocution.
The red devil is engulfed in freezing vapours.
You block the red devil's attack.
Unknown command.
You shoot a slug. The slug closely misses the red devil.
The red devil is engulfed in freezing vapours.
You block the red devil's attack.
You shoot a slug. The slug hits the red devil!!!
You kill the red devil!
Qazlal accepts your kill.
Unknown command.
No target in view!
No target in view!
Unknown command.
You see here a +1 demon trident of electrocution.
A demonspawn corrupter and a shadow demon come into view.
The demonspawn corrupter is wielding a +2 demon trident of venom.
You yell at the shadow demon!
Unknown command.
The shadow demon croaks.
The demonspawn corrupter moves out of view.
There is a staircase leading out of the dungeon here.
You have escaped!

.......# #......######## #.
.......# #......# #.
.......# ######## ######.
)......# ###...### .......#
##### ##.......# (...(..##
###...######.....)...
........#
##...☼...##26...2♣....
........#
#..........##.........
####....#
#....@○...####.)...6.#
#..### #...○..°..#
###...### ##.# ##...○...##
###.#### #.#
###.°.######...### #.###
#########.......## #...#
##...##...........# ###.##
##.#....##....♣....# #..#
#...##.###.........#
##.###(..#....##..^....####


You could see a demonspawn corrupter and a shadow demon.

Vanquished Creatures
  Frederick (Vaults:4)
  5 dread liches
  2 ancient liches
  3 orbs of fire (Zot:5)
  Mara (Swamp:4)
  2 juggernauts
  Sojobo (Vaults:3)
  The ghost of tweeg707 the Executioner, a veteran MDBe of Trog (Zot:1)
  Boris (thrice) (Vaults:2 Depths:2 Depths:4)
  8 Killer Klowns
  Saint Roka (Vaults:3)
  Vv (Zot:4)
  The ghost of Jyghoireu the Warrior, a veteran HOMo of Ru (Vaults:1)
  3 curse toes
  Geryon (Hell)
  15 golden dragons
  Norris (Depths:1)
  Jory (Depths:3)
  A bone dragon (Crypt:3)
  A Brimstone Fiend (Depths:4)
  2 electric golems (Zot:5)
  A doom hound (Zot:2)
  19 tentacled monstrosities
  Mlioglotl (Swamp:3)
  26 Orb Guardians
  6 titans
  6 liches
  12 quicksilver dragons
  3 deep elf master archers (Elf:3)
  A walking frostbound tome (Depths:2)
  4 ancient champions
  9 sphinxes
  2 thorn hunters
  6 death cobs
  Aizul (Snake:1)
  7 tengu reavers
  Donald (Vaults:1)
  6 shadow dragons
  4 protean progenitors
  A revenant (Crypt:2)
  4 fenstrider witches
  3 draconian monks
  2 nagarajas (Snake:4)
  9 fire giants
  18 storm dragons
  10 deep elf sorcerers
  12 vault wardens
  10 frost giants
  2 balrugs (Depths:4)
  2 iron dragons
  4 draconian shifters
  2 deep elf elementalists (Elf:3)
  Louise (Swamp:4)
  4 draconian scorchers
  2 draconian stormcallers
  A curse skull (Crypt:3)
  3 draconian annihilators
  12 ironbound preservers
  2 orc warlords
  A caustic shrike zombie (Hell)
  2 ghost moths
  2 spriggan defenders (Depths:4)
  19 stone giants
  4 ironbound thunderhulks
  7 ghouls
  10 deep elf death magi
  20 very ugly things
  4 reapers
  2 formless jellyfish
  7 deep elf demonologists
  9 green draconians
  2 caustic shrike skeletons (Crypt:3)
  2 lorocyprocas (Hell)
  4 dire elephants (Vaults:2)
  Nessos (Orc:2)
  4 eleionomae
  11 black draconians
  14 deep elf annihilators
  5 bunyips
  12 vampire knights
  4 purple draconians
  5 yellow draconians
  8 white draconians
  17 spark wasps
  5 war gargoyles
  3 red draconians
  6 eidola
  A mummy priest (Crypt:3)
  Snorg (Lair:5)
  17 ettins
  14 fire dragons
  6 blizzard demons
  A kraken zombie (Hell)
  2 crystal guardians (Vaults:2)
  2 entropy weavers
  Josephine (D:15)
  2 merfolk impalers
  6 jiangshi
  13 yaktaur captains
  7 deep elf high priests
  4 salamander tyrants
  4 peacekeepers
  A caustic shrike simulacrum (Depths:1)
  13 great orbs of eyes
  5 rakshasas
  4 hell beasts
  14 hydras
  40 vault guards
  3 anacondas
  16 ironbound frosthearts
  11 ghost crabs
  12 ice dragons
  A catoblepas (Lair:4)
  10 spriggan air magi
  A radroach (Zot:4)
  A fenstrider witch skeleton (Crypt:3)
  9 centaur warriors
  5 ogre magi
  7 alligators
  3 death knights
  An anaconda (shapeshifter) (Vaults:4)
  3 death yaks
  5 two-headed ogres
  3 demonic crawlers
  27 dancing weapons
  A two-headed ogre (shapeshifter) (Depths:3)
  7 boulder beetles
  2 tengu warriors
  4 deep troll shamans
  4 hell hogs (Depths:4)
  2 shock serpents (shapeshifter)
  4 shock serpents
  7 vampire magi
  17 naga sharpshooters
  2 sphinx skeletons
  21 naga warriors
  4 occultists
  5 spriggan berserkers
  10 deep troll earth magi
  6 orc high priests
  Urug (Orc:1)
  13 hell knights
  6 soul eaters
  4 sun demons
  15 deep elf knights
  A titan skeleton (Hell)
  Nergalle (D:10)
  2 shadow wraiths (Crypt:3)
  Amaemon (D:8)
  A sixfirhy (Swamp:4)
  14 iron trolls
  5 goliath frogs
  45 skeletal warriors
  An iron giant zombie (Hell)
  6 skysharks
  9 salamander mystics
  11 mana vipers
  7 spriggan druids
  3 flayed ghosts
  14 arcanists
  2 mana vipers (shapeshifter) (Vaults:5)
  10 deep elf archers
  An orange crystal statue (Zot:5)
  Lodul (D:14)
  5 naga ritualists
  7 swamp dragons
  41 deep trolls
  3 glowing orange brains
  12 phantasmal warriors
  3 thermic dynamos
  10 harpies
  11 necromancers
  5 lindwurms
  10 bog bodies
  A bunyip skeleton (Crypt:3)
  5 human zombies
  11 ironbound convokers
  19 orc knights
  15 deep elf pyromancers
  A frost giant zombie (Depths:1)
  2 iron dragon zombies (Depths:2)
  4 alligator zombies (Hell)
  34 deep elf zephyrmancers
  2 wolf spiders (Vaults:5)
  A wolf spider zombie (Crypt:3)
  60 ugly things
  3 manticores
  2 stone giant zombies
  A fire giant zombie (Vaults:4)
  11 orc sorcerers
  12 will-o-the-wisps
  2 oklob plants
  20 salamanders
  A shadow dragon skeleton (Vaults:2)
  2 toenail golems
  6 cyclopes
  4 elephants
  25 moths of wrath
  A meliai (shapeshifter) (D:11)
  3 rust devils
  3 kobold blastminers
  2 fire giant skeletons
  An alligator snapping turtle zombie (Crypt:3)
  A guardian serpent (Snake:4)
  13 vault sentinels
  A frost giant skeleton (Depths:2)
  7 meliai
  4 orange demons
  30 black mambas
  13 naga magi
  A storm dragon simulacrum (Depths:1)
  5 cane toads
  A hellion (Hell)
  5 smoke demons
  2 gargoyles (D:12)
  A water nymph (shapeshifter) (Vaults:5)
  3 unseen horrors
  12 komodo dragons
  Maggie (D:10)
  A tengu conjurer (Depths:3)
  A yaktaur zombie (Vaults:4)
  9 freezing wraiths
  An efreet (Zot:4)
  41 yaktaurs
  An ice devil (D:2)
  A sea snake zombie (Hell)
  3 red devils
  10 guardian mummies
  6 trolls
  A sea snake skeleton (Hell)
  5 polar bears
  3 merfolk (Zot:3)
  A hydra zombie (Hell)
  3 bloated husks
  A shadow dragon simulacrum (Vaults:2)
  10 tyrant leeches
  5 hellwings (Swamp:4)
  17 hornets
  A hydra skeleton (Hell)
  A tarantella (shapeshifter) (D:14)
  A harpy skeleton (Crypt:3)
  A dream sheep (Lair:4)
  A glass eye (shapeshifter) (Vaults:4)
  An ettin zombie (Vaults:4)
  4 glass eyes
  30 blink frogs
  An elf zombie (Vaults:4)
  A tarantella zombie (Crypt:3)
  An iron dragon simulacrum (Depths:2)
  A human simulacrum (Vaults:4)
  A raiju (shapeshifter) (Elf:1)
  32 slime creatures
  A fire giant simulacrum (Depths:1)
  An ice dragon skeleton (Crypt:3)
  2 stone giant simulacra
  4 air elementals
  Sigmund (D:2)
  2 shadows
  A satyr skeleton (Crypt:1)
  9 wyverns
  2 spriggan skeletons (Depths:1)
  21 water elementals
  A wyvern (shapeshifter) (D:14)
  12 wraiths
  Eustachio (D:5)
  A fire elemental (Elf:3)
  25 spriggans
  45 yaks
  A basilisk (D:12)
  A warg (Orc:2)
  3 redbacks (Vaults:3)
  3 chaos spawn (Swamp:4)
  A steam dragon (D:8)
  13 vampire mosquitoes
  15 swamp worms
  48 nagas
  3 acid dragons
  A fire bat zombie (Crypt:2)
  A skyshark zombie (Crypt:2)
  16 water moccasins
  Duvessa (D:5)
  21 orc warriors
  2 ice beasts (D:5)
  A cane toad skeleton (Crypt:3)
  13 laughing skulls
  5 black bears
  A sky beast (D:7)
  14 ogres
  3 boggarts (Lair:5)
  21 wolves
  6 centaurs
  A phantom (D:6)
  2 kobold brigands
  A brain worm (shapeshifter) (D:14)
  8 bullfrogs
  4 gnoll sergeants
  2 earth elementals (Elf:3)
  4 scorpions
  2 glowing shapeshifter simulacra
  16 wights
  A wyvern skeleton (Crypt:1)
  A water moccasin skeleton (Crypt:1)
  Dowan (D:5)
  17 killer bees
  A polar bear skeleton (Crypt:1)
  6 howler monkeys
  11 electric eels
  4 crimson imps (Depths:1)
  A bullfrog zombie (Crypt:1)
  A gnoll bouda (D:7)
  2 jellies
  A hound (D:6)
  18 orc priests
  A bullfrog skeleton (Crypt:2)
  A black bear skeleton (Crypt:1)
  3 iguanas
  Ijyb (D:5)
  10 orc wizards
  19 hell rats
  5 mummies (Crypt:1)
  12 gnolls
  3 river rats
  6 adders
  A swamp drake skeleton (Crypt:2)
  A ribbon worm (D:3)
  4 dart slugs
  71 orcs
  7 endoplasms
  4 giant cockroaches
  8 goblins
  10 hobgoblins
  6 jackals
  2 quokkas
  A quokka (shapeshifter) (D:14)
  7 ball pythons
  5 bats
  4 frilled lizards
  A frilled lizard skeleton (Crypt:2)
  A giant cockroach zombie (Crypt:3)
  A gnoll zombie (Crypt:2)
  A hobgoblin skeleton (Crypt:1)
  7 kobolds
  9 rats
  A starspawn tentacle (Swamp:3)
  2 tentacles (Hell)
2311 creatures vanquished.

Vanquished Creatures (collateral kills)
  A golden dragon (Zot:4)
  A doom hound (Zot:2)
  Grunn (Zot:2)
  A sphinx (Vaults:4)
  A fire giant (Vaults:3)
  A deep elf sorcerer (Elf:3)
  A vault warden (Vaults:2)
  A curse skull (Crypt:1)
  2 very ugly things (Depths:1)
  An ironbound preserver (Vaults:4)
  A stone giant (Vaults:4)
  A deep elf annihilator (Elf:3)
  An eidolon (Crypt:3)
  A hydra (Swamp:1)
  An ogre mage (D:15)
  A radroach (Zot:4)
  A vampire mage (Crypt:1)
  A naga warrior (Snake:1)
  A naga sharpshooter (Snake:4)
  2 lindwurms (Vaults:1)
  An ugly thing (D:14)
  A moth of wrath (Zot:2)
  A black mamba (Snake:2)
  A yaktaur (Vaults:1)
  A rime drake (Lair:3)
  A hog (shapeshifter) (Vaults:5)
  A naga (Snake:1)
  2 orc priests
  Robin (D:2)
  An adder (D:1)
  An orc (D:8)
  4 goblins
  2 hobgoblins (D:2)
  A jackal (Sewer)
  5 kobolds
  A rat (Sewer)
47 creatures vanquished.

Vanquished Creatures (others)
  A titan (Depths:2)
  A fire giant (Depths:2)
  A draconian knight (Zot:3)
  An alligator (Swamp:4)
  A naga warrior (Snake:4)
  A deep elf knight (Elf:1)
  2 bloated husks
  A slime creature (Vaults:1)
  A swamp worm (Swamp:4)
  An orc warrior (Vaults:4)
  An ogre (Vaults:3)
  An orc wizard (D:5)
  An orc (D:8)
  48 foxfires
  3 starspawn tentacles
  9 tentacles (Hell)
74 creatures vanquished.

Grand Total: 2432 creatures vanquished

Notes
Turn   | Place    | Note
-------+----------+-------------------------------------------
     0 | D:1      | Gryn the Demonspawn Hedge Wizard began the quest for the
                  | Orb.
     0 | D:1      | Reached XP level 1. HP: 13/13 MP: 4/4
   382 | D:1      | Got the Precepts of Soot and Coordinates
   451 | D:1      | Gained mutation: Your touch may inflict minor irresistible
                  | damage on your foes. [demonic ancestry]
   451 | D:1      | Reached XP level 2. HP: 13/19 MP: 1/6
   454 | D:1      | Learned a level 2 spell: Call Imp
  1309 | D:1      | Gained mutation: Your touch may inflict irresistible damage
                  | on your foes. [demonic ancestry]
  1309 | D:1      | Reached XP level 3. HP: 20/24 MP: 2/7
  1670 | D:2      | Found a faded altar of an unknown god.
  1802 | D:2      | Noticed Robin
  1816 | D:2      | Killed Robin
  1817 | D:2      | Gained mutation: Your touch may irresistibly damage your
                  | foes and sap their willpower. [demonic ancestry]
  1817 | D:2      | Reached XP level 4. HP: 19/30 MP: 6/8
  1988 | D:2      | Noticed Sigmund
  2126 | D:2      | Killed Sigmund
  2127 | D:2      | Reached XP level 5. HP: 34/42 MP: 7/9
  2939 | D:3      | Found a hide-covered altar of Uskayaw.
  2943 | D:3      | Found a stormy altar of Qazlal.
  2948 | D:3      | Found an ancient bone altar of Kikubaaqudgha.
  2969 | D:3      | Became a worshipper of Qazlal Stormbringer
  3461 | D:3      | Reached XP level 6. HP: 48/48 MP: 10/10
  3786 | D:4      | Reached skill level 1 in Invocations
  3805 | D:4      | Found a glowing drain.
  3810 | Sewer    | Entered a sewer
  4196 | Sewer    | Reached skill level 5 in Fighting
  4696 | D:4      | Reached * piety under Qazlal
  5030 | D:4      | Found a staircase to the Ecumenical Temple.
  5508 | D:5      | Entered Level 5 of the Dungeon
  5533 | D:5      | Gained mutation: A weak demonic guardian rushes to your
                  | aid. [demonic ancestry]
  5533 | D:5      | Reached XP level 7. HP: 36/57 MP: 11/11
  5653 | D:5      | Reached skill level 1 in Maces & Flails
  5689 | D:5      | Noticed Eustachio
  5719 | D:5      | Killed Eustachio
  6271 | D:5      | Found Koiryu's Weapon Emporium.
  6283 | D:5      | Bought a +0 hand cannon of draining for 99 gold pieces
  6498 | D:4      | Reached skill level 1 in Ranged Weapons
  6615 | D:5      | Noticed Ijyb
  6615 | D:5      | Noticed Duvessa
  6618 | D:5      | Killed Ijyb
  6618 | D:5      | Noticed Dowan
  6624 | D:5      | Reached XP level 8. HP: 64/64 MP: 12/12
  6632 | D:5      | Killed Duvessa
  6636 | D:5      | Killed Dowan
  6714 | D:5      | Reached ** piety under Qazlal
  6922 | D:6      | Found Bopoemes's Antique Weapon Shoppe.
  6955 | D:6      | Found a shimmering blue altar of Sif Muna.
  7027 | D:6      | Found a runed translucent gate.
  7028 | D:6      | Found a runed translucent gate.
  7028 | D:6      | Found an opulent altar of Gozag.
  7029 | D:6      | Found a runed translucent gate.
  7030 | D:6      | Noticed bakla's ghost (novice MDHu)
  7049 | D:6      | Reached skill level 5 in Ranged Weapons
  7594 | D:6      | Reached skill level 2 in Invocations
  7660 | D:6      | Reached skill level 3 in Invocations
  7780 | D:6      | Gained mutation: You are surrounded by a mild repulsion
                  | field. (EV +2) [demonic ancestry]
  7780 | D:6      | Reached XP level 9. HP: 59/69 MP: 13/13
  7782 | D:6      | Reached skill level 4 in Invocations
  8327 | D:7      | Reached skill level 5 in Invocations
  8397 | D:7      | Found an opulent altar of Gozag.
  8945 | D:8      | Got the Handbook of the Plateau and Geometries
  9367 | D:8      | Reached *** piety under Qazlal
  9629 | D:8      | Found a roughly hewn altar of Beogh.
  9738 | D:5      | Bought a +6 orcbow of electrocution for 488 gold pieces
  9767 | D:8      | Noticed an orange demon
  9769 | D:8      | Noticed Amaemon
  9774 | D:8      | Killed an orange demon
  9780 | D:8      | Reached XP level 10. HP: 56/76 MP: 5/14
  9782 | D:8      | Killed Amaemon
  9783 | D:8      | Reached skill level 10 in Ranged Weapons
  9884 | D:8      | Found an iron altar of Okawaru.
 10058 | D:8      | Found a sparkling altar of Nemelex Xobeh.
 10222 | D:9      | Found Unluu's CLEARANCE SALE!.
 10685 | D:9      | Found a shimmering altar of Xom.
 10732 | D:9      | Reached skill level 6 in Invocations
 10889 | D:9      | Identified 3 scrolls of acquirement
 10889 | D:9      | Acquired 1175 gold pieces
 10891 | D:9      | Acquired the scarf of the Harp {+Inv, rPois rN+ Regen+}
 10907 | D:9      | Acquired a manual of Invocations
 10910 | D:10     | Entered Level 10 of the Dungeon
 10910 | D:10     | Noticed Maggie
 10921 | D:10     | Killed Maggie
 10976 | D:10     | Noticed a two-headed ogre
 10985 | D:10     | Killed a two-headed ogre
 10985 | D:10     | Reached **** piety under Qazlal
 10986 | D:10     | Reached skill level 8 in Invocations
 11143 | D:10     | Found a staircase to the Orcish Mines.
 11243 | D:10     | Reached XP level 11. HP: 49/81 MP: 17/17
 11692 | D:10     | Noticed Nergalle
 11906 | D:10     | Killed Nergalle
 12335 | D:11     | Reached skill level 1 in Shields
 12601 | D:11     | Found a staircase to the Lair.
 12891 | D:11     | Noticed a boulder beetle
 12892 | D:11     | Noticed a boulder beetle
 12892 | D:11     | Noticed a purple ugly thing
 12898 | D:11     | Noticed a glowing orange brain
 12913 | D:11     | Noticed a shock serpent
 12914 | D:11     | a shock serpent changed into a sea snake
 12914 | D:11     | Noticed a sea snake (glowing shapeshifter)
 12918 | D:11     | a sea snake changed into a merfolk
 12924 | D:11     | a merfolk changed into a lindwurm
 12924 | D:11     | Noticed a lindwurm (glowing shapeshifter)
 12927 | D:11     | a lindwurm changed into a komodo dragon
 12934 | D:11     | a swamp worm changed into a steelbarb worm
 12934 | D:11     | Noticed a steelbarb worm (glowing shapeshifter)
 12940 | D:11     | a steelbarb worm changed into a meliai
 13540 | D:11     | Killed a purple ugly thing
 13561 | D:11     | Killed a boulder beetle
 13809 | D:11     | Killed a boulder beetle
 14016 | Lair:1   | Entered Level 1 of the Lair of Beasts
 14042 | Lair:1   | Reached ***** piety under Qazlal
 14043 | Lair:1   | Reached XP level 12. HP: 76/92 MP: 18/18
 14164 | Lair:1   | Reached skill level 5 in Shields
 15308 | Lair:2   | Noticed a boulder beetle
 15317 | Lair:2   | Killed a boulder beetle
 15998 | Lair:3   | Found a staircase to the Snake Pit.
 16106 | Lair:3   | Reached skill level 15 in Ranged Weapons
 16111 | Lair:3   | Reached XP level 13. HP: 95/101 MP: 19/19
 16505 | Lair:3   | Found a staircase to the Swamp.
 16700 | Lair:4   | Found a viscous altar of Jiyva.
 16708 | Lair:4   | Found a staircase to the Slime Pits.
 16933 | Lair:4   | Reached ****** piety under Qazlal
 17516 | Lair:5   | Entered Level 5 of the Lair of Beasts
 17683 | Lair:5   | Reached skill level 9 in Invocations
 17793 | Lair:5   | Identified the serpent talisman "Duammah" {rN+ Slay+3}
 17870 | Lair:5   | Reached skill level 10 in Invocations
 18014 | Lair:5   | Noticed Snorg
 18056 | Lair:5   | Killed Snorg
 18220 | Lair:5   | Reached skill level 10 in Fighting
 18264 | Lair:5   | Reached skill level 10 in Shields
 18282 | Lair:4   | Reached XP level 14. HP: 80/110 MP: 18/21
 18411 | Lair:5   | Identified the +9 plate armour of Ecit {Harm MP+9 Int+2}
 18979 | Orc:1    | Entered Level 1 of the Orcish Mines
 18989 | Orc:1    | Noticed Urug
 19002 | Orc:1    | Killed Urug
 19128 | Orc:2    | Entered Level 2 of the Orcish Mines
 19421 | Orc:1    | Found Zualorha's Jewellery Boutique.
 19485 | Orc:1    | Bought the ring of Myanak {rElec rF+++ rCorr Int-5 Dex+6}
                  | for 881 gold pieces
 19771 | Orc:2    | Found Toahop's Distillery.
 19796 | Orc:2    | Found Jeajil's General Store.
 19817 | Orc:2    | Noticed Nessos
 19826 | Orc:2    | Killed Nessos
 20019 | Orc:2    | Found a staircase to the Elven Halls.
 20368 | Orc:2    | Found Cajionost's Book Shoppe.
 20368 | Orc:2    | Found Bun Bera's Antique Armour Emporium.
 20369 | Orc:2    | Found a one-way gate leading to the halls of Pandemonium.
 20486 | Orc:2    | Bought 2 potions of resistance for 280 gold pieces
 20486 | Orc:2    | Bought a potion of haste for 140 gold pieces
 20486 | Orc:2    | Bought a potion of mutation for 112 gold pieces
 20486 | Orc:2    | Bought a potion of curing for 42 gold pieces
 20486 | Orc:2    | Bought a potion of invisibility for 112 gold pieces
 21134 | D:12     | Reached skill level 5 in Dodging
 22430 | D:14     | Gained mutation: A meltable shield of frost defends you.
                  | (SH +4) [demonic ancestry]
 22430 | D:14     | Reached XP level 15. HP: 122/122 MP: 22/22
 22565 | D:14     | Found a gate to the Vaults.
 22621 | D:14     | Noticed Lodul
 22625 | D:14     | Killed Lodul
 22836 | D:15     | Entered Level 15 of the Dungeon
 23034 | D:15     | Noticed Josephine
 23057 | D:15     | Killed Josephine
 23199 | D:15     | Identified the +7 orcbow of Zin's Approval {freeze, Stlth+}
 24270 | D:15     | Reached skill level 1 in Necromancy
 24370 | D:15     | Found a staircase to the Depths.
 24585 | Swamp:1  | Entered Level 1 of the Swamp
 24787 | Lair:3   | Learned a level 3 spell: Fugue of the Fallen
 24847 | Swamp:1  | Reached skill level 1 in Armour
 25218 | Swamp:1  | You fall into a shaft and drop 1 floor!
 25242 | Swamp:2  | Noticed a thorn hunter
 25388 | Swamp:2  | Reached skill level 5 in Necromancy
 25586 | Swamp:2  | Killed a thorn hunter
 25667 | Swamp:1  | Identified the +1 helmet "Verch" {rElec Will++ Int+4
                  | Stlth+}
 26068 | Snake:1  | Entered Level 1 of the Snake Pit
 26236 | Snake:1  | Gained mutation: A meltable icy envelope protects you from
                  | harm. (AC +8) [demonic ancestry]
 26236 | Snake:1  | Reached XP level 16. HP: 83/133 MP: 23/23
 26431 | Snake:1  | Found Ityth's Book Boutique.
 26565 | Snake:1  | Found Kohif's Jewellery Shoppe.
 26566 | Snake:1  | Found Zuegovyb's Book Boutique.
 26578 | Snake:1  | Bought an amulet of guardian spirit for 600 gold pieces
 26734 | Snake:1  | Identified the +2 scale mail of Green the Leaf {^Drain
                  | Int+3}
 26765 | Snake:1  | Reached skill level 5 in Armour
 27005 | Snake:1  | Identified the serpent talisman of Defence {+Blink Dex+3}
 27005 | Snake:1  | Noticed Aizul
 28943 | Snake:3  | Reached skill level 10 in Necromancy
 28948 | Snake:3  | Reached skill level 1 in Evocations
 29401 | Snake:4  | Entered Level 4 of the Snake Pit
 29757 | Snake:4  | Gained mutation: You are surrounded by a moderate repulsion
                  | field. (EV +3) [demonic ancestry]
 29757 | Snake:4  | Reached XP level 17. HP: 139/139 MP: 24/24
 29817 | Snake:4  | Reached skill level 5 in Evocations
 30384 | Snake:4  | Got a serpentine rune of Zot
 30589 | Snake:1  | Killed Aizul
 30952 | Elf:1    | Entered Level 1 of the Elven Halls
 30952 | Elf:1    | Found a runed translucent gate.
 30952 | Elf:1    | Found a runed translucent gate.
 30952 | Elf:1    | Found a runed translucent gate.
 30952 | Elf:1    | Found a runed translucent gate.
 30952 | Elf:1    | Found a runed translucent gate.
 30952 | Elf:1    | Found a runed translucent gate.
 30953 | Elf:1    | Found a runed translucent door.
 30987 | Elf:1    | Found a runed translucent door.
 30994 | Elf:1    | Reached skill level 11 in Invocations
 31130 | Elf:1    | Reached skill level 12 in Invocations
 31274 | Elf:1    | Reached skill level 13 in Invocations
 31364 | Elf:1    | Got the Dissertation on Damage
 31442 | Elf:1    | Found a radiant altar of Vehumet.
 31499 | Elf:1    | Paralysed by an air elemental for 1 turns
 31572 | Elf:1    | Reached skill level 14 in Invocations
 31603 | Elf:1    | Reached skill level 15 in Fighting
 31728 | Elf:1    | Reached skill level 15 in Invocations
 31733 | Elf:1    | Reached XP level 18. HP: 120/149 MP: 23/29
 32129 | Elf:2    | Found a runed translucent gate.
 32168 | Elf:2    | Identified the +0 robe "Xesodgh" {*Slow Int+2 SInv}
 32181 | Elf:2    | Reached XP level 19. HP: 155/155 MP: 30/30
 32407 | Elf:2    | Found Zeasies's Antique Weapon Shop.
 32417 | Elf:2    | Found a runed translucent gate.
 32418 | Elf:2    | Found a runed translucent gate.
 32527 | Elf:2    | Reached skill level 16 in Invocations
 32899 | Elf:2    | Reached skill level 17 in Invocations
 33252 | Elf:3    | Entered Level 3 of the Elven Halls
 33561 | Elf:3    | Reached skill level 18 in Invocations
 33934 | Elf:3    | Reached skill level 19 in Invocations
 34645 | Elf:3    | Identified the +4 dagger "Fozepoul" {holy, Str+3}
 34696 | Elf:3    | Got the Octavo of Lucent Curses
 34774 | Elf:3    | Got the Excursus on Injury
 34779 | Elf:3    | Identified the +1 ring mail "Cicrucurgh" {-Tele Rampage
                  | rPois Dex+3}
 34860 | Elf:3    | Identified the ring of Starshine {rCorr MP+9 Str-3 SInv}
 35162 | Elf:3    | Got the Almanac of Dynamic Kindling
 35163 | Elf:3    | Identified the amulet of Paranoia {Acrobat rPois rC++ Dex+2
                  | Slay-2}
 36724 | Swamp:3  | Reached skill level 20 in Invocations
 36938 | Swamp:3  | Gained mutation: You punish those that try to bend your
                  | will. (Will+) [demonic ancestry]
 36938 | Swamp:3  | Reached XP level 20. HP: 151/168 MP: 34/34
 37070 | Swamp:3  | Identified the +3 swamp dragon scales "Dunnelosh" {rPois
                  | Int+2 Dex+2}
 37076 | Swamp:3  | Identified the +5 ring mail "Rocveokh" {rPois}
 37672 | Swamp:4  | Entered Level 4 of the Swamp
 37674 | Swamp:4  | Noticed Louise
 37708 | Swamp:4  | Noticed Mlioglotl
 37725 | Swamp:3  | Killed Mlioglotl
 37925 | Swamp:4  | Killed Louise
 38048 | Swamp:4  | Reached skill level 10 in Dodging
 38119 | Swamp:4  | Noticed Mara
 38123 | Swamp:4  | Noticed Gryn's illusion
 38134 | Swamp:4  | Noticed Gryn's illusion
 38162 | Swamp:4  | Killed Mara
 38268 | Swamp:4  | Got a decaying rune of Zot
 38823 | Swamp:4  | Learned a level 5 spell: Borgnjor's Vile Clutch
 39093 | Vaults:1 | Entered Level 1 of the Vaults
 39134 | Vaults:1 | Noticed Donald
 39158 | Vaults:1 | Reached skill level 5 in Earth Magic
 39162 | Vaults:1 | Killed Donald
 39176 | Vaults:1 | Found a flickering gateway to a bazaar.
 39185 | Bazaar   | Entered a bazaar
 39249 | Bazaar   | Found Pinnaomp's Magic Scroll Shoppe.
 39249 | Bazaar   | Found Qigriukuamp's Book Emporium.
 39271 | Bazaar   | Found Tierutin's Antique Armour Shoppe.
 39271 | Bazaar   | Found Esmug's Book Emporium.
 39292 | Bazaar   | Found Ziola's Assorted Antiques.
 39297 | Bazaar   | Bought a scroll of blinking for 210 gold pieces
 39297 | Bazaar   | Bought a potion of magic for 224 gold pieces
 39297 | Bazaar   | Bought an encrusted ring mail for 252 gold pieces
 39297 | Bazaar   | Identified the +7 ring mail of Shielding {+Inv rN+} (You
                  | bought it in a shop in a bazaar)
 39351 | Bazaar   | Bought a scroll of revelation for 60 gold pieces
 39351 | Bazaar   | Bought a scroll of teleportation for 24 gold pieces
 39351 | Bazaar   | Bought a scroll of teleportation for 24 gold pieces
 39351 | Bazaar   | Bought a scroll of enchant armour for 60 gold pieces
 39351 | Bazaar   | Bought a scroll of vulnerability for 32 gold pieces
 39351 | Bazaar   | Bought a scroll of fog for 32 gold pieces
 39351 | Bazaar   | Bought a scroll of immolation for 32 gold pieces
 39351 | Bazaar   | Bought a scroll of immolation for 32 gold pieces
 40012 | Vaults:1 | Gained mutation: A meltable icy envelope protects you from
                  | harm. (AC +8) [demonic ancestry]
 40012 | Vaults:1 | Reached XP level 21. HP: 79/174 MP: 35/35
 40265 | Vaults:1 | Found a runed translucent door.
 40265 | Vaults:1 | Noticed Jyghoireu's ghost (veteran HOMo)
 40305 | Vaults:1 | Killed Jyghoireu's ghost
 40505 | Vaults:1 | Found a roughly hewn altar of Beogh.
 40622 | Vaults:2 | Found a portal to a secret trove of treasure.
 41240 | Vaults:2 | Found a basalt altar of Yredelemnul.
 41243 | Vaults:2 | Found a staircase to the Crypt.
 41244 | Vaults:2 | Found an ancient bone altar of Kikubaaqudgha.
 41324 | Vaults:2 | Reached skill level 15 in Shields
 41498 | Vaults:2 | Identified the +3 robe "Noestud" {rPois Int-3 Stlth+
                  | Archmagi}
 41498 | Vaults:2 | Noticed Boris
 41507 | Vaults:2 | Killed Boris
 41752 | Vaults:3 | Found Gioroof's Armour Shoppe.
 41822 | Vaults:3 | Reached skill level 10 in Earth Magic
 42062 | Vaults:3 | Found the +9 sword of Power {lifebolt}
 42130 | Vaults:3 | Noticed Saint Roka
 42137 | Vaults:3 | Noticed Sojobo
 42460 | Vaults:3 | Killed Sojobo
 42709 | Vaults:3 | Got the Compendium of United Alteration
 42782 | Vaults:3 | Reached XP level 22. HP: 181/181 MP: 36/36
 42922 | Vaults:3 | Killed Saint Roka
 43323 | Vaults:4 | Identified the +2 arbalest "Cibibur" {penet, rElec Dex+3}
 44436 | Vaults:5 | Entered Level 5 of the Vaults
 44444 | Vaults:5 | Identified the orb of the Earth {*channel, Rampage rElec
                  | Str+2 Stlth-}
 44444 | Vaults:5 | Noticed Frederick
 45227 | Vaults:4 | Killed Frederick
 45232 | Vaults:4 | Reached skill level 21 in Invocations
 45616 | Vaults:5 | Identified the +6 arbalest of Dawn {freeze, Dex+3}
 45668 | Vaults:5 | Noticed a golden dragon
 45670 | Vaults:5 | Killed a golden dragon
 45818 | Vaults:5 | Got a silver rune of Zot
 46086 | Vaults:5 | Gained mutation: A demonic guardian rushes to your aid.
                  | [demonic ancestry]
 46086 | Vaults:5 | Reached XP level 23. HP: 187/188 MP: 37/37
 46277 | Vaults:5 | Reached skill level 22 in Invocations
 46347 | Vaults:5 | Noticed a dread lich
 46361 | Vaults:5 | Killed a dread lich
 47312 | Depths:1 | Entered Level 1 of the Depths
 47685 | Depths:1 | Noticed Norris
 47701 | Depths:1 | Killed Norris
 47853 | Depths:1 | You fall into a shaft and drop 1 floor!
 47853 | Depths:2 | Identified the +4 mace "Beastslayer" {flame, rElec rC+
                  | Will+}
 47872 | Depths:2 | Identified the +4 falchion of the Building Genius {freeze,
                  | Int+2}
 47877 | Depths:2 | Got the Writings on Enchantment and Blows
 47879 | Depths:2 | Noticed a juggernaut
 47888 | Depths:2 | Killed a juggernaut
 47963 | Depths:2 | Reached skill level 15 in Necromancy
 48317 | Depths:2 | Reached skill level 23 in Invocations
 48347 | Depths:2 | Identified the +3 robe of Torysirph {Harm rN+}
 48347 | Depths:2 | Noticed Boris
 48363 | Depths:2 | Found a one-way gateway to a ziggurat.
 48369 | Depths:2 | Got Aguosm's Guidebook on the Volcano
 48390 | Depths:2 | Found a gateway to Hell.
 48616 | Depths:2 | Killed Boris
 48617 | Depths:2 | Gained mutation: You are resistant to unholy torment.
                  | [demonic ancestry]
 48617 | Depths:2 | Reached XP level 24. HP: 117/201 MP: 38/38
 48624 | Depths:2 | Reached skill level 24 in Invocations
 49240 | Depths:2 | Reached skill level 25 in Invocations
 49452 | Depths:2 | Gained mutation: You can hurl damnation. [demonic ancestry]
 49452 | Depths:2 | Reached XP level 25. HP: 207/207 MP: 39/39
 49853 | Depths:1 | Acquired 975 gold pieces
 49944 | Depths:1 | Reached skill level 26 in Invocations
 50160 | Depths:1 | Found a shimmering altar of Xom.
 51317 | Depths:3 | Noticed Jory
 51348 | Depths:3 | Killed Jory
 51466 | Depths:3 | Reached skill level 27 in Invocations
 51551 | Depths:3 | Found a transporter.
 51576 | Depths:3 | Found a one-way gate to the infinite horrors of the Abyss.
 51624 | Depths:3 | Found a transporter.
 51625 | Depths:3 | Found a corrupted altar of Lugonu.
 52103 | Depths:4 | Entered Level 4 of the Depths
 52909 | Depths:4 | Noticed a juggernaut
 52964 | Depths:3 | Killed a juggernaut
 53478 | Depths:4 | Identified the +3 robe of Homol {rPois Int+4 Archmagi}
 53478 | Depths:4 | Noticed Boris
 53489 | Depths:4 | Killed Boris
 53554 | Depths:4 | Found a huge runed translucent gate.
 53554 | Depths:4 | Found a huge runed translucent gate.
 53554 | Depths:4 | Found a huge runed translucent gate.
 53554 | Depths:4 | Found a huge runed translucent gate.
 53555 | Depths:4 | Found a huge runed translucent gate.
 53556 | Depths:4 | Found a huge runed translucent gate.
 53556 | Depths:4 | Found a huge runed translucent gate.
 53556 | Depths:4 | Found a huge runed translucent gate.
 53557 | Depths:4 | Found a huge runed translucent gate.
 53557 | Depths:4 | Found a huge runed translucent gate.
 53557 | Depths:4 | Found a huge runed translucent gate.
 53557 | Depths:4 | Found a huge runed translucent gate.
 53583 | Depths:4 | Found a huge runed translucent gate.
 53587 | Depths:4 | Found a huge runed translucent gate.
 53587 | Depths:4 | Found a huge runed translucent gate.
 53623 | Depths:4 | Found a huge runed translucent gate.
 53624 | Depths:4 | Found a huge runed translucent gate.
 53625 | Depths:4 | Found a huge runed translucent gate.
 53861 | Depths:4 | Found a huge runed translucent gate.
 53862 | Depths:4 | Found a huge runed translucent gate.
 53863 | Depths:4 | Found a huge runed translucent gate.
 53864 | Depths:4 | Found a huge runed translucent gate.
 53865 | Depths:4 | Found a huge runed translucent gate.
 53865 | Depths:4 | Found a huge runed translucent gate.
 53937 | Depths:4 | Found a huge runed translucent gate.
 53940 | Depths:4 | Found a huge runed translucent gate.
 53941 | Depths:4 | Found a huge runed translucent gate.
 53941 | Depths:4 | Found a huge runed translucent gate.
 53942 | Depths:4 | Found a huge runed translucent gate.
 53943 | Depths:4 | Found a huge runed translucent gate.
 53944 | Depths:4 | Found a huge runed translucent gate.
 53945 | Depths:4 | Found a huge runed translucent gate.
 53945 | Depths:4 | Found a huge runed translucent gate.
 53950 | Depths:4 | Found a huge runed translucent gate.
 53951 | Depths:4 | Found a huge runed translucent gate.
 53951 | Depths:4 | Found a huge runed translucent gate.
 53978 | Depths:4 | Gained mutation: You are surrounded by a strong repulsion
                  | field. (EV +4, RMsl) [demonic ancestry]
 53978 | Depths:4 | Reached XP level 26. HP: 218/218 MP: 40/40
 53981 | Depths:4 | Noticed a juggernaut
 53981 | Depths:4 | Noticed a juggernaut
 54141 | Depths:4 | Found a gate to the Realm of Zot.
 54597 | Crypt:1  | Entered Level 1 of the Crypt
 54916 | Crypt:1  | Reached skill level 10 in Evocations
 56525 | Crypt:3  | Entered Level 3 of the Crypt
 57312 | Crypt:3  | Found a staircase to the Tomb.
 57498 | Crypt:3  | Noticed a dread lich
 57519 | Crypt:3  | Killed a dread lich
 57542 | Crypt:3  | Identified the ring "Dioggivo" {rF+ rN+ Dex+2}
 57542 | Crypt:3  | Identified the ring "Rades" {Fly rElec rN++}
 57543 | Crypt:3  | Noticed an ancient lich
 57543 | Crypt:3  | Noticed a dread lich
 57552 | Crypt:3  | Killed a dread lich
 57563 | Crypt:3  | Killed an ancient lich
 57656 | Crypt:3  | Identified the +2 dagger "Fydghuj" {flame, rN++}
 57668 | Crypt:3  | Identified the +2 quarterstaff of Spite {holy, rPois rCorr
                  | Str+2 Dex+4}
 57671 | Crypt:3  | Got the Writings on Black Words
 57677 | Crypt:3  | Identified the +1 cloak of Youthful Indiscretion {rF+}
 58092 | Hell     | Entered the Vestibule of Hell
 58092 | Hell     | Found a gateway to the freezing wastes of Cocytus.
 58211 | Hell     | Noticed Geryon
 58232 | Hell     | Killed Geryon
 58819 | Zot:1    | Entered Level 1 of the Realm of Zot
 58822 | Zot:1    | Noticed tweeg707's ghost (veteran MDBe)
 58822 | Zot:1    | Found a shimmering altar of Xom.
 58822 | Zot:1    | Found a runed translucent door.
 58905 | Zot:1    | Identified the +0 falchion of the Twisting Gods {drain,
                  | rF+}
 58994 | Zot:1    | Gained mutation: A powerful demonic guardian rushes to your
                  | aid. [demonic ancestry]
 58994 | Zot:1    | Reached XP level 27. HP: 233/233 MP: 40/40
 59266 | Zot:1    | Killed tweeg707's ghost
 59623 | Zot:2    | Found a transporter.
 59639 | Zot:2    | Found a transporter.
 59740 | Zot:2    | You fall into a shaft and drop 2 floors!
 59743 | Zot:4    | Noticed Vv
 60038 | Zot:2    | Noticed Grunn
 60050 | Zot:2    | Killed Grunn
 61655 | Zot:4    | Killed Vv
 61946 | Zot:4    | Identified the staff of the Rescuing Seer {rPois rN+ Int+3
                  | Summ Alchemy}
 61948 | Zot:4    | Identified the +0 robe "Vauleihi" {rF+ Str+3 Int+2}
 61963 | Zot:4    | Identified the staff "Kiolor Dias" {^Fragile rN+ SInv Necro
                  | Earth}
 61978 | Zot:4    | Identified the +10 arbalest "Fymuesip" {penet, Fly rC+}
 61979 | Zot:4    | Identified the staff "Coshrol" {rC+ rN+ rCorr Str+4 Necro}
 62740 | Zot:5    | Entered Level 5 of the Realm of Zot
 63524 | Zot:5    | Noticed an orb of fire
 63526 | Zot:5    | Killed an orb of fire
 63530 | Zot:5    | Noticed an orb of fire
 63533 | Zot:5    | Noticed a dread lich
 63535 | Zot:5    | Gained mutation: You occasionally shout uncontrollably at
                  | your foes. [an orb of fire]
 63541 | Zot:5    | Gained mutation: Your health recovers twice as slowly from
                  | being drained. [a cacodemon]
 63546 | Zot:5    | Killed an orb of fire
 63556 | Zot:5    | Killed a dread lich
 63582 | Zot:5    | Noticed an orb of fire
 63586 | Zot:5    | Killed an orb of fire
 63592 | Zot:5    | Noticed an ancient lich
 63600 | Zot:5    | Noticed a dread lich
 64046 | Zot:5    | Killed a dread lich
 64082 | Zot:5    | Killed an ancient lich
 64330 | Zot:5    | Reached skill level 10 in Armour
 64563 | Zot:5    | Got the Orb of Zot
 65225 | D:$      | Escaped with the Orb!

Illustrated notes

Levels and vault maps discovered:
D:1:      dpeg_arrival_three_same_balls, layout_basic
D:2:      layout_basic, chequers_ecumenical_altar_simple_redux, uniq_sigmund,
          uniq_robin
D:3:      layout_basic, minitemple, serial_bayou_ford_a
D:4:      layout_basic, minmay_temple_entry_junction, serial_aquarium,
          aquarium_bridge_straight [aquarium_subvault_bridge,
          aquarium_subvault_window, aquarium_subvault_bridge,
          aquarium_subvault_window], aquarium_bridge_long_separate
          [aquarium_subvault_window, aquarium_subvault_bridge,
          aquarium_subvault_bridge, aquarium_subvault_bridge,
          aquarium_subvault_wall, aquarium_subvault_bridge],
          aquarium_window_fake, aquarium_window_2, aquarium_window_double,
          aquarium_view_4, aquarium_view_2d, aquarium_balcony_3a,
          aquarium_pool_2, mainiacjoe_sewer_entry_somewhere_in_here_2
D:5:      layout_basic, mainiacjoe_overflow_boulevard, nicolae_stop_n_shop_1,
          sword_in_stone, uniq_ijyb, uniq_duvessa
D:6:      layout_basic, kennysheep_mini, serial_shops, nicolae_stop_n_shop_2,
          ebering_ghost_gozag
D:7:      layout_rooms, nicolae_gozag_cash_rules_everything_around_me,
          minivault_4, minivault_24
D:8:      layout_loops_ring, mainiacjoe_overflow_alcove_2,
          nemelex_diamond_rough_becter, special_room [special_room_orc],
          uniq_amaemon
D:9:      layout_basic, lemuel_coloured_pillars_altar, grunt_decor_cap,
          nicolae_shop_clearance
D:10:     layout_roguey, orc_0_dummy, chequers_big_river, uniq_nergalle,
          uniq_maggie
D:11:     layout_basic, minmay_lair_entry_grove, chequers_serial_rivers_small_b,
          evilmike_minifort
D:12:     layout_irregular_city, chequers_serial_rivers_large_b
D:13:     layout_cave_pools
D:14:     evilmike_halls_of_destruction, layout_loops_corners, david_vaults_5,
          kennysheep_another_room, uniq_lodul
D:15:     hellmonk_depths_entry_around_the_bend, layout_loops_ring,
          minmay_misc_feat_cross, grunt_ministairs_5, uniq_josephine
Lair:1:   layout_loops_ring, nicolae_lair_lil_pond
Lair:2:   layout_roguey, lemuel_old_faithful, grunt_megastairs_3
Lair:3:   layout_regular_city, swamp_mist, nicolae_snake_entry_squirm,
          minivault_24, grunt_megastairs_2, serial_bayou_shore_a,
          lemuel_fruit_tree
Lair:4:   layout_gridlike, dpeg_slime_entry_corner
Lair:5:   minmay_lair_end_enchanted_forest, layout_long_grid, uniq_snorg
Swamp:1:  layout_falls_marsh, hangedman_swamp_ruin_hall
Swamp:2:  layout_basic_swamp, nicolae_swamp_small_spring
Swamp:3:  bobbens_index_wilting_gardens, layout_basic_swamp
Swamp:4:  nzn_swamp_witches_coven, layout_basic_swamp, swamp_pool_1_2,
          uniq_mara, uniq_mlioglotl, uniq_louise
Snake:1:  layout_gridlike, nicolae_snake_salamander_fort, minmay_shop_grove,
          uniq_aizul
Snake:2:  layout_layer_cave, grunt_megastairs_4
Snake:3:  layout_onion, serial_bayou_pond_c, nicolae_snake_squiggles
Snake:4:  snake_pit, layout_rooms, nicolae_letterblocks
          [nicolae_letter_subblock, nicolae_letter_subblock,
          nicolae_letter_subblock, nicolae_letter_subblock,
          nicolae_letter_subblock, nicolae_letter_subblock,
          nicolae_letter_subblock, nicolae_letter_subblock,
          nicolae_letter_subblock, nicolae_letter_subblock,
          nicolae_letter_subblock, nicolae_letter_subblock,
          nicolae_letter_subblock, nicolae_letter_subblock,
          nicolae_letter_subblock, nicolae_letter_subblock,
          nicolae_letter_subblock, nicolae_letter_subblock,
          nicolae_letter_subblock, nicolae_letter_subblock,
          nicolae_letter_subblock, nicolae_letter_subblock,
          nicolae_letter_subblock, nicolae_letter_subblock,
          nicolae_letter_subblock]
Orc:1:    layout_caves, serial_shops, shop, uniq_urug
Orc:2:    pf_orc_diabolical, layout_caves, uniq_nessos
Elf:1:    nicolae_elf_arrival_dilemma, layout_onion_city, basic_altar,
          minmay_elf_annihilation, einodemon_crawler_minivault
Elf:2:    elven_hall_of_blades_hangedman_original
          [nicolae_blade_entry_area_security], layout_gridlike, serial_shops,
          shop
Elf:3:    minmay_elf_hall_spiked, layout_geoelf_castle,
          minmay_checkered_concentric_circles
Vaults:1: gammafunk_ghost_grave, lightli_church_of_beogh,
          nicolae_vaults_windows_and_doors_thing, nicolae_vaults_asterisk,
          vaults_dpeg_ring, v_misc_2, hangedman_vaults_variations, v_misc_30,
          nicolae_vaults_double_plus_1, nicolae_vaults_more_shelving_1,
          layout_vaults_big_room, serial_shops, bzr_in_the_mist, uniq_donald
Vaults:2: nicolae_vaults_network_star, v_misc_13, nicolae_vaults_tetromino_L_1,
          minmay_crypt_entry_necro_gods, hangedman_vaults_cutoff,
          lightli_orcish_oven, nicolae_vaults_rhombus_6, vaults_room_pools,
          nicolae_vaults_trapezoid_lopsided_1, layout_vaults_quadrants,
          nicolae_trove_entry_free_sample, uniq_boris
Vaults:3: nicolae_vaults_mini_display_case, vaults_standard_mumra_lines,
          nicolae_vaults_weapon_check, nicolae_vaults_taking_the_gang_shopping,
          nicolae_vaults_apartment_2, minmay_guarded_unrand_sword_of_power,
          v_pattern_4, ontoclasm_vaults_misaligned,
          nicolae_vaults_tetromino_Z_2, nicolae_vaults_frosty_reception,
          ontoclasm_vaults_ring_square, nicolae_vaults_tangram_2, v_misc_13,
          layout_vaults_omnibox, uniq_sojobo, uniq_saint_roka, uniq_margery
Vaults:4: hangedman_vaults_capsules, st_smaller_cells, nicolae_vaults_little_ls,
          hangedman_vaults_trim, v_misc_12, grunt_vaults_bifocal, v_rooms_2,
          nicolae_vaults_rhombus_6, vaults_dpeg_hooks, layout_vaults_omnicross
Vaults:5: uniq_frederick
Crypt:1:  layout_misc_corridors, grunt_ministairs_10,
          grunt_crypt_arrival_guarded_gate
Crypt:2:  layout_gridlike, grunt_ministairs_2
Crypt:3:  david_glass_crypt, layout_chaotic_city, tomb_entry_sphere_bobbens,
          grunt_ministairs_4
Depths:1: layout_long_grid, chequers_jeans, hell_entry, led_xom_imps,
          kennysheep_random_hallway, uniq_norris
Depths:2: box_level_dp, hell_entry, pan_entry
Depths:3: gammafunk_corrupted_shrine, layout_cave_pools,
          chequers_serial_rivers_micro_a,
          nicolae_abyss_entry_one_way_or_another, pf_vacation_house_of_asmodeus,
          serial_bayou_pond_c, minmay_misc_feat_room, serial_bayou_shore_b,
          uniq_jory, uniq_josephina
Depths:4: grunt_zot_entry_hairpin, layout_basic, solitary_fountain, hellmouth_2,
          door_vault
Hell
Zot:1:    layout_misc_corridors, ebering_ghost_xom
Zot:2:    gammafunk_sealed_arena, layout_cellular_growth, uniq_grunn
Zot:3:    kennysheep_bubbly, layout_twisted_circle,
          hangedman_zot_decor_checkerboard, regret_index_zotdec_zees
Zot:4:    layout_concentric_octagons, st_large_dragon_hoard_2, uniq_vv
Zot:5:    layout_onion

Skill      XL: |  1  2  3  4  5  6  7  8  9 10 11 12 13 14 15 16 17 18 19 20 21 22 23 24 25 26 27 |
---------------+----------------------------------------------------------------------------------+-----
Summonings     | 2 3 4 |  4.0
Fighting       | 3 4 5 6 8 9 10 12 14 15 17 18 19 20 22 | 22.4
Invocations    | 1 3 5 8 10 15 20 21 23 25 27 | 27.0
Maces & Flails | 4 |  4.0
Ranged Weapons | 2 6 9 12 13 15 16 17 18 19 | 19.0
Shields        | 4 7 10 13 14 15 17 23 | 23.2
Dodging        | 5 7 11 | 11.0
Necromancy     | 6 10 11 13 15 | 15.1
Spellcasting   | 4 |  4.0
Armour         | 4 8 10 | 10.8
Evocations     | 4 5 9 10 | 10.0
Earth Magic    | 2 6 11 13 14 | 14.0
Stealth        | |  1.7
Conjurations   | |  1.0
Translocations | |  0.8

Action                     |  1- 3 |  4- 6 |  7- 9 | 10-12 | 13-15 | 16-18 | 19-21 | 22-24 | 25-27 || total
---------------------------+-------+-------+-------+-------+-------+-------+-------+-------+-------++-------
  Melee: Dagger            |    86 |   195 |     8 |       |       |       |       |       |       ||   289
         Touch             |    15 |    38 |    23 |       |       |       |       |       |       ||    76
         Rapier            |       |       |   121 |       |       |       |       |       |       ||   121
         Flail             |       |       |    16 |       |       |       |       |       |       ||    16
         Hand cannon       |       |       |       |       |       |       |       |       |     2 ||     2
   Fire: Hand cannon       |       |       |    73 |   232 |  1182 |  1102 |  1711 |  1368 |  2522 ||  8190
         Orcbow            |       |       |    15 |   384 |       |       |       |       |       ||   399
  Throw: Boomerang         |       |       |    28 |       |       |       |       |       |       ||    28
         Dart              |       |       |     3 |     2 |       |       |       |       |       ||     5
   Cast: Magic Dart        |    22 |       |     1 |       |     1 |       |       |       |       ||    24
         Call Imp          |    14 |     7 |     2 |       |     1 |       |       |       |       ||    24
         Fugue of the Fall |       |       |       |       |       |    12 |     9 |     7 |    10 ||    38
         Borgnjor's Vile C |       |       |       |       |       |       |     5 |     1 |     3 ||     9
 Invoke: Upheaval          |       |       |     6 |       |     5 |     1 |     4 |     1 |     1 ||    18
         Disaster Area     |       |       |       |       |     9 |       |     8 |     2 |    12 ||    31
Ability: Hurl Damnation    |       |       |       |       |       |       |       |       |     4 ||     4
  Evoke: Wand              |       |       |    11 |     1 |     6 |     7 |     3 |       |    12 ||    40
         Box of beasts     |       |       |       |       |       |     1 |       |       |       ||     1
         Phantom mirror    |       |       |       |       |       |       |     1 |     1 |       ||     2
         Tin of tremorston |       |       |       |       |       |       |       |       |     2 ||     2
    Use: Scroll            |     1 |     4 |     7 |    11 |    17 |     6 |    11 |     2 |    15 ||    74
         Potion            |       |     3 |     2 |     2 |    10 |     3 |     3 |     2 |    10 ||    35
   Stab: Sleeping          |     7 |     3 |       |       |       |       |       |       |       ||    10
 Armour: Robe              |    48 |   110 |    47 |       |       |       |       |       |       ||   205
         Skin              |       |    27 |       |       |       |       |       |       |       ||    27
         Scale mail        |       |       |    85 |       |       |       |       |       |       ||    85
         Chain mail        |       |       |     4 |       |       |       |       |       |       ||     4
         Steam dragon scal |       |       |     6 |   120 |   395 |   210 |   538 |   310 |   746 ||  2325
  Dodge: Dodged            |    54 |    89 |   100 |    85 |   236 |   123 |   508 |   369 |   920 ||  2484
         Repelled          |       |       |       |    14 |    35 |    95 |    71 |    75 |   134 ||   424
  Block: Other             |       |     1 |    19 |    20 |       |       |       |       |       ||    40
         Tower shield      |       |       |       |   197 |  1394 |  1047 |  2189 |  1829 |  3533 || 10189

Table legend: (Time is in decaauts)
 A = Elapsed time spent in this place.
 B = Non-inter-level travel time spent in this place.
 C = Inter-level travel time spent in this place.
 D = Time resting spent in this place.
 E = Time spent auto-exploring this place.
 F = Levels seen in this place.
 G = Mean time per level.
                   A        B        C        D        E       F      G
               +--------+--------+--------+--------+--------+-----+--------+
         Total |  67268 |  62102 |   5166 |  12926 |  33923 |  53 | 1269.2 |
       Dungeon |  18356 |  16567 |   1789 |   3947 |   9824 |  15 | 1223.7 |
          Lair |   5725 |   5119 |    606 |    579 |   3295 |   5 | 1145.0 |
         Swamp |   4663 |   4371 |    292 |    934 |   2424 |   4 | 1165.8 |
     Snake Pit |   4853 |   4696 |    157 |    594 |   2742 |   4 | 1213.2 |
  Orcish Mines |   1767 |   1521 |    246 |    195 |    917 |   2 |  883.5 |
   Elven Halls |   4840 |   4675 |    165 |   1117 |   2174 |   3 | 1613.3 |
        Vaults |   8299 |   7784 |    515 |   1545 |   3985 |   5 | 1659.8 |
         Crypt |   3335 |   3158 |    177 |    231 |   1912 |   3 | 1111.7 |
        Depths |   8073 |   7239 |    834 |   1871 |   3272 |   4 | 2018.2 |
          Hell |    302 |    302 |      0 |     98 |     28 |   1 |  302.0 |
           Zot |   5994 |   5614 |    380 |   1193 |   3127 |   5 | 1198.8 |
        Bazaar |    207 |    207 |      0 |      0 |    122 |   1 |  207.0 |
         Sewer |    848 |    848 |      0 |    620 |     95 |   1 |  848.0 |
               +--------+--------+--------+--------+--------+-----+--------+

Top non-repeatable levels by time:
Depths:2: 2575 daAuts
Depths:3: 2568 daAuts
   Elf:3: 2336 daAuts
Vaults:4: 2264 daAuts
    D:15: 1861 daAuts
   Zot:4: 1836 daAuts
    D:11: 1749 daAuts
Vaults:5: 1673 daAuts
 Swamp:3: 1582 daAuts
Vaults:3: 1581 daAuts
 Snake:1: 1495 daAuts
   Zot:3: 1490 daAuts
    D:10: 1489 daAuts
Depths:4: 1468 daAuts
Depths:1: 1461 daAuts
